AoeStats
← gam

Arena

510614706Analyzed
1v1 RM · 1d ago on Oct 1, 2026· 97m 44s· 2 players
Game mode
Random Map
Map size
Tiny (2 player)
Population
200
Speed
Normal
Resources
Standard
Victory
Conquest
Starting age
Dark Age
Ending age
Imperial Age
RankedLock teamsTeams togetherTeam positionsShared explorationLock speedFull tech treeHidden civsTurbo modeCheats
Victory
Defeat
🇭🇺 Bohemians · Hungary
625
+17
🇹🇷 Bohemians · Türkiye
640
-17
gam
12:18 Feudal Age
16:58 Castle Age
15:45 Loom
16:15 Double-Bit Axe
16:11 Horse Collar
20:19 Chemistry
19:28 Padded Archer Armor
20:36 Leather Archer Armor
25:08 Fervor
31:35 Imperial Age
34:23 Murder Holes
35:06 Ring Archer Armor
35:27 Conscription
34:30 Elite Hussite Wagon
37:14 Wagenburg Tactics
39:22 Husbandry
38:49 Cavalier
39:47 Forging
39:42 Scale Barding Armor
40:47 Bow Saw
40:55 Heavy Plow
41:38 Iron Casting
48:55 Chain Barding Armor
49:36 Blast Furnace
63:45 Ballistics
68:54 Two-Man Saw
93:01 Light Cavalry
BATE
11:44 Feudal Age
16:42 Castle Age
16:07 Horse Collar
16:15 Double-Bit Axe
17:41 Heavy Plow
19:27 Bow Saw
23:21 Wheelbarrow
22:31 Loom
25:12 Chemistry
24:43 Elite Skirmisher
25:25 Fletching
25:36 Padded Archer Armor
34:07 Hand Cart
35:47 Wagenburg Tactics
40:04 Imperial Age
40:21 Light Cavalry
42:49 Elite Hussite Wagon
43:58 Houfnice
47:00 Hussite Reforms
47:08 Pikeman
48:10 Scale Mail Armor
55:36 Murder Holes
57:45 Ballistics
57:46 Bombard Tower
68:38 Block Printing
68:57 Redemption
69:06 Fervor
79:07 Illumination
80:41 Chain Mail Armor
80:36 Forging
89:01 Sanctity
88:41 Devotion
89:08 Heresy
89:24 Theocracy
88:44 Herbal Medicine
Connection lost

Rejoining the realm…

Still unreachable

The connection could not be restored.

Session expired

The server has moved on; the page needs a fresh start.